 Dungeon Crawl Stone Soup version 0.22-a0-447-gee5f723 (webtiles) character file.

10154 incide the Thaumaturge (level 11, -3/86 HPs)
             Began as a Gnoll Skald on June 3, 2018.
             Was an Initiate of Sif Muna.
             Slain by a spiny frog (20 damage)
             ... on level 1 of the Lair of Beasts.
             The game lasted 00:31:20 (9757 turns).

incide the Thaumaturge (Gnoll Skald)                Turns: 9757, Time: 00:31:20

Health: -3/86      AC:  9    Str: 13    XL:     11   Next: 57%
Magic:  4/23       EV: 17    Int: 19    God:    Sif Muna [......]
Gold:   608        SH:  6    Dex: 17    Spells: 15/26 levels left

rFire    + . .     SeeInvis .   L - +0 war axe
rCold    . . .     Gourm    .   b - +0 buckler
rNeg     . . .     Faith    .   y - +2 leather armour {rF+}
rPois    .         Spirit   .   r - +0 helmet
rElec    .         Reflect  .   (no cloak)
rCorr    .         Harm     .   A - +0 pair of gloves
MR       .....                  t - +0 pair of boots
Stlth    ++++......             B - amulet "Dagi" {+Fly Regen+ Dex+2}
HPRegen  1.64/turn              J - ring of stealth
MPRegen  0.18/turn              (no ring)

@: lethally poisoned (-3 -> -3), singing, regenerating
A: distributed training, fangs 1, strong nose
a: Renounce Religion, Evoke Flight


You were on level 1 of the Lair of Beasts.
You worshipped Sif Muna.
Sif Muna was noncommittal.
You were very hungry.

You visited 3 branches of the dungeon, and saw 11 of its levels.
You also visited: Ossuary.

You collected 608 gold pieces.

Inventory:

Hand Weapons
 a - a +0 scimitar of flaming
 m - a +0 dagger of venom
 K - a +0 vampiric whip
 L - a +0 war axe (weapon)
 R - a +0 spear of venom
 W - a cursed -2 scythe
 X - a +0 morningstar of protection
Missiles
 u - 4 poisoned javelins (quivered)
 Q - 14 poisoned needles
 T - 3 throwing nets
 U - 8 needles of paralysis
Armour
 b - a +0 buckler (worn)
 n - a +1 robe of magic resistance
 r - a +0 helmet (worn)
 t - a +0 pair of boots (worn)
 w - a scarf of spirit shield
 y - a +2 leather armour of fire resistance (worn)
 A - a +0 pair of gloves (worn)
 S - a +2 robe of fire resistance
Jewellery
 B - the amulet "Dagi" (around neck) {+Fly Regen+ Dex+2}
   (You found it on level 5 of the Dungeon)

   [amulet of regeneration]

   It affects your dexterity (+2).
   It lets you fly.
   It increases your rate of regeneration.
 J - a ring of stealth (left hand)
Wands
 C - a wand of iceblast (11)
 H - a wand of enslavement (4)
 M - a wand of paralysis (8)
 P - a wand of disintegration (7)
Scrolls
 i - 2 scrolls of teleportation
 l - 12 scrolls of identify
 o - 2 scrolls of enchant weapon
 p - 2 scrolls of immolation {unknown}
 q - 6 scrolls of magic mapping
 v - 3 scrolls of enchant armour {unknown}
 x - 2 scrolls of fear {unknown}
 D - 4 scrolls of remove curse
 E - 2 scrolls of amnesia {unknown}
 F - a scroll of noise {unknown}
 I - 2 scrolls of blinking {unknown}
 N - a scroll of summoning {unknown}
 V - a scroll of fog {unknown}
Potions
 c - 3 potions of might {unknown}
 e - 2 potions of heal wounds
 f - 2 potions of lignification {unknown}
 g - 2 potions of flight {unknown}
 h - a potion of haste {unknown}
 j - a potion of ambrosia {unknown}
 k - 2 potions of brilliance
 s - a potion of curing
 z - 3 potions of agility {unknown}
 G - a potion of degeneration {unknown}
 Z - a potion of magic {unknown}
Comestibles
 d - 21 rations


   Skills:
 + Level 7.9 Fighting
 + Level 6.3 Short Blades
 + Level 6.3 Long Blades
 + Level 7.9 Axes
 + Level 6.3 Maces & Flails
 + Level 6.3 Polearms
 + Level 6.3 Staves
 + Level 6.3 Slings
 + Level 6.3 Bows
 + Level 6.3 Crossbows
 + Level 6.3 Throwing
 + Level 6.9 Armour
 + Level 7.9 Dodging
 + Level 6.3 Stealth
 + Level 6.3 Shields
 + Level 6.3 Unarmed Combat
 + Level 8.1 Spellcasting
 + Level 5.2 Conjurations
 + Level 5.2 Hexes
 + Level 7.6 Charms
 + Level 5.2 Summonings
 + Level 5.2 Necromancy
 + Level 5.2 Translocations
 + Level 5.2 Transmutations
 + Level 5.2 Fire Magic
 + Level 5.2 Ice Magic
 + Level 5.2 Air Magic
 + Level 5.2 Earth Magic
 + Level 5.2 Poison Magic
 + Level 6.9 Invocations
 + Level 6.3 Evocations


You had 15 spell levels left.
You knew the following spells:

 Your Spells              Type           Power        Failure   Level  Hunger
a - Infusion              Chrm           ####         1%          1    None
b - Song of Slaying       Chrm           #####...     1%          2    None
c - Shroud of Golubria    Chrm/Tloc      ####......   1%          2    None
d - Regeneration          Chrm/Necr      ####......   2%          3    None
e - Spectral Weapon       Hex/Chrm       ####....     2%          3    None

Your spell library contained the following spells:

 Spells                   Type           Power        Failure   Level  Hunger


Dungeon Overview and Level Annotations

Branches:
Dungeon (9/15)             Temple (1/1) D:5            Lair (1/6) D:8
    Orc: D:9-12

Altars:
Ashenzari
Cheibriados
Dithmenos
Elyvilon
Fedhas
Gozag
Hepliaklqana
Kikubaaqudgha
Makhleb
Nemelex Xobeh
Okawaru
Qazlal
Ru
Sif Muna
Trog
Uskayaw
Vehumet
Wu Jian
Xom
Yredelemnul
Zin
The Shining One

Shops:
D:5 :


Innate Abilities, Weirdness & Mutations

Your experience applies equally to all skills.
You have very sharp teeth.
Your uncanny sense of smell can sniff out nearby items.


Message History

You miss the water moccasin. You barely miss the spiny frog.
You hit the spiny frog but do no damage.
You feel sick.
Your spectral weapon closely misses the water moccasin.
Your spectral weapon barely misses the spiny frog.
You block the water moccasin's attack. The spiny frog stings you!
The spiny frog misses you. You block the water moccasin's attack.
The spiny frog stings you!
* * * LOW HITPOINT WARNING * * *
You slash the spiny frog!
The spiny frog is heavily wounded.
You hit the spiny frog but do no damage.
You barely miss the water moccasin.
You feel sick. The spiny frog stings you.
* * * LOW HITPOINT WARNING * * *
The water moccasin misses you.
Your spectral weapon hits the spiny frog!
Your spectral weapon hits the plant!
Your spectral weapon hits the water moccasin!
The spiny frog stings you!!
You die...

.............###+...# #.#..P###.#
..........P### #...## #..........
....#...## #..## ##.......
....#...########..# #........
........P#.#PP.#..## ####...#.###
...##..............###.#.#.#.....
...........^...............#.....
...............FSF.........+.....
....+##.##.#..P(@.....<....#.....
...#.............####..##..#.....
..............#..#.........P.....
...#.............#.......#.......
...#..........#..#.........######
...#.####.P...#..##+#####........
.................................
.................................
#########.#########..#####.#####.


You could see 2 spiny frogs, a water moccasin and a friendly spectral war axe.

Vanquished Creatures
  Erica (D:8)
  2 two-headed ogres
  The ghost of Kairos the Cleaver, a journeyman VSFi of Okawaru (Lair:1)
  Pikel (D:8)
  The ghost of incide the Charmwright, a novice GnSk of Sif Muna (D:7)
  A spiny frog (Lair:1)
  A merfolk (D:9)
  Prince Ribbit (D:8)
  2 hippogriffs
  4 blink frogs (Lair:1)
  A yak (D:8)
  2 wyverns (D:9)
  A hungry ghost (D:8)
  The ghost of incide the Charmwright, an amateur GnSk of Okawaru (D:4)
  A water moccasin (Lair:1)
  The ghost of Thaneod the Gusty, an amateur DEAE (D:3)
  3 porcupines
  3 orc warriors
  A sky beast (D:8)
  2 ice beasts
  2 black bears (D:8)
  4 slaves (D:8)
  A phantom (D:6)
  4 ogres
  A necrophage (D:8)
  3 centaurs
  A big kobold (D:7)
  3 bullfrogs
  2 elf zombies (Ossuary)
  2 gnoll sergeants (D:9)
  4 wights (D:8)
  3 howler monkeys (D:8)
  A centaur zombie (Ossuary)
  2 crimson imps
  6 hounds
  2 quasits
  A gnoll shaman (D:7)
  A human zombie (Ossuary)
  3 jellies
  5 orc wizards
  A bullfrog skeleton (D:8)
  2 iguanas
  9 worker ants
  2 hound zombies (Ossuary)
  2 hound skeletons
  3 mummies (Ossuary)
  4 worker ant zombies
  Robin (D:2)
  A howler monkey zombie (D:5)
  18 gnolls
  A howler monkey skeleton (D:5)
  11 adders
  4 adder zombies
  4 worms
  2 dart slugs
  2 leopard geckos
  21 orcs
  8 giant cockroaches
  3 gnoll zombies (Ossuary)
  13 goblins
  14 hobgoblins
  9 jackals
  3 quokkas
  5 bats
  6 frilled lizards
  3 goblin zombies (Ossuary)
  3 hobgoblin zombies (Ossuary)
  2 jackal zombies (Ossuary)
  7 kobolds
  5 kobold zombies (Ossuary)
  3 orc zombies (Ossuary)
  4 quokka zombies
  9 rats
  2 rat zombies (Ossuary)
269 creatures vanquished.

Vanquished Creatures (others)
  5 fungi (D:8)
  6 spectral weapons
11 creatures vanquished.

Grand Total: 280 creatures vanquished

Notes
Turn   | Place    | Note
-------+----------+-------------------------------------------
     0 | D:1      | incide the Gnoll Skald began the quest for the Orb.
     0 | D:1      | Reached XP level 1. HP: 20/20 MP: 6/6
   389 | D:1      | Reached XP level 2. HP: 26/26 MP: 7/7
   393 | D:1      | Learned a level 2 spell: Song of Slaying
   396 | D:1      | Learned a level 2 spell: Shroud of Golubria
   738 | D:2      | Reached XP level 3. HP: 12/31 MP: 0/9
   758 | D:2      | Learned a level 3 spell: Regeneration
   762 | D:2      | Learned a level 3 spell: Spectral Weapon
   844 | D:2      | Reached skill level 5 in Spellcasting
   959 | D:2      | Reached skill level 1 in Invocations
   978 | D:2      | Noticed Robin
   988 | D:2      | Reached skill level 1 in Short Blades
   988 | D:2      | Reached skill level 1 in Long Blades
   988 | D:2      | Reached skill level 1 in Maces & Flails
   988 | D:2      | Reached skill level 1 in Polearms
   988 | D:2      | Reached skill level 1 in Staves
   988 | D:2      | Reached skill level 1 in Slings
   988 | D:2      | Reached skill level 1 in Bows
   988 | D:2      | Reached skill level 1 in Crossbows
   988 | D:2      | Reached skill level 1 in Throwing
   988 | D:2      | Reached skill level 1 in Stealth
   988 | D:2      | Reached skill level 1 in Shields
   988 | D:2      | Reached skill level 1 in Unarmed Combat
   988 | D:2      | Reached skill level 1 in Evocations
   989 | D:2      | Reached XP level 4. HP: 35/38 MP: 0/11
   990 | D:2      | Killed Robin
   991 | D:2      | Reached skill level 1 in Conjurations
   991 | D:2      | Reached skill level 1 in Hexes
   991 | D:2      | Reached skill level 1 in Summonings
   991 | D:2      | Reached skill level 1 in Necromancy
   991 | D:2      | Reached skill level 1 in Translocations
   991 | D:2      | Reached skill level 1 in Transmutations
   991 | D:2      | Reached skill level 1 in Fire Magic
   991 | D:2      | Reached skill level 1 in Ice Magic
   991 | D:2      | Reached skill level 1 in Air Magic
   991 | D:2      | Reached skill level 1 in Earth Magic
   991 | D:2      | Reached skill level 1 in Poison Magic
  1104 | D:2      | Reached XP level 5. HP: 43/43 MP: 12/12
  1313 | D:2      | HP: 7/43 [worm (10)]
  1923 | D:3      | Found a glowing golden altar of the Shining One.
  2057 | D:3      | Reached skill level 3 in Armour
  2377 | D:3      | Noticed Thaneod's ghost (amateur DEAE)
  2391 | D:3      | Reached XP level 6. HP: 23/50 MP: 0/13
  2396 | D:3      | Killed Thaneod's ghost
  2396 | D:3      | Reached skill level 5 in Fighting
  2396 | D:3      | Reached skill level 2 in Short Blades
  2396 | D:3      | Reached skill level 2 in Long Blades
  2396 | D:3      | Reached skill level 5 in Axes
  2396 | D:3      | Reached skill level 2 in Maces & Flails
  2396 | D:3      | Reached skill level 2 in Polearms
  2396 | D:3      | Reached skill level 2 in Staves
  2396 | D:3      | Reached skill level 2 in Slings
  2396 | D:3      | Reached skill level 2 in Bows
  2396 | D:3      | Reached skill level 2 in Crossbows
  2396 | D:3      | Reached skill level 2 in Throwing
  2396 | D:3      | Reached skill level 5 in Dodging
  2396 | D:3      | Reached skill level 2 in Stealth
  2396 | D:3      | Reached skill level 2 in Shields
  2396 | D:3      | Reached skill level 2 in Unarmed Combat
  2396 | D:3      | Reached skill level 2 in Invocations
  2396 | D:3      | Reached skill level 2 in Evocations
  2731 | D:4      | Noticed incide's ghost (amateur GnSk)
  2854 | D:4      | Reached XP level 7. HP: 31/56 MP: 10/15
  3091 | D:4      | Killed incide's ghost
  3091 | D:4      | Reached skill level 2 in Conjurations
  3091 | D:4      | Reached skill level 2 in Hexes
  3091 | D:4      | Reached skill level 2 in Summonings
  3091 | D:4      | Reached skill level 2 in Necromancy
  3091 | D:4      | Reached skill level 2 in Translocations
  3091 | D:4      | Reached skill level 2 in Transmutations
  3091 | D:4      | Reached skill level 2 in Fire Magic
  3091 | D:4      | Reached skill level 2 in Ice Magic
  3091 | D:4      | Reached skill level 2 in Air Magic
  3091 | D:4      | Reached skill level 2 in Earth Magic
  3091 | D:4      | Reached skill level 2 in Poison Magic
  3314 | D:4      | Reached skill level 3 in Invocations
  3741 | D:5      | Entered Level 5 of the Dungeon
  3859 | D:5      | Reached skill level 6 in Charms
  3859 | D:5      | Reached XP level 8. HP: 25/63 MP: 5/16
  4036 | D:5      | Reached skill level 4 in Armour
  4057 | D:5      | Found a staircase to the Ecumenical Temple.
  4070 | D:5      | Reached skill level 3 in Short Blades
  4070 | D:5      | Reached skill level 3 in Long Blades
  4070 | D:5      | Reached skill level 3 in Maces & Flails
  4070 | D:5      | Reached skill level 3 in Polearms
  4070 | D:5      | Reached skill level 3 in Staves
  4070 | D:5      | Reached skill level 3 in Slings
  4070 | D:5      | Reached skill level 3 in Bows
  4070 | D:5      | Reached skill level 3 in Crossbows
  4070 | D:5      | Reached skill level 3 in Throwing
  4070 | D:5      | Reached skill level 3 in Stealth
  4070 | D:5      | Reached skill level 3 in Shields
  4070 | D:5      | Reached skill level 3 in Unarmed Combat
  4070 | D:5      | Reached skill level 3 in Evocations
  4297 | D:5      | Got a bound lead amulet
  4301 | D:5      | Identified the amulet "Dagi" {+Fly Regen+ Dex+2} (You found it on level 5 of the Dungeon)
  4306 | D:5      | Found Nostra Isiu's Book Boutique.
  4462 | D:5      | Reached skill level 6 in Spellcasting
  5202 | D:6      | Found a sand-covered staircase.
  5207 | Ossuary  | Entered an ossuary
  5335 | Ossuary  | Reached skill level 3 in Conjurations
  5335 | Ossuary  | Reached skill level 3 in Hexes
  5335 | Ossuary  | Reached skill level 3 in Summonings
  5335 | Ossuary  | Reached skill level 3 in Necromancy
  5335 | Ossuary  | Reached skill level 3 in Translocations
  5335 | Ossuary  | Reached skill level 3 in Transmutations
  5335 | Ossuary  | Reached skill level 3 in Fire Magic
  5335 | Ossuary  | Reached skill level 3 in Ice Magic
  5335 | Ossuary  | Reached skill level 3 in Air Magic
  5335 | Ossuary  | Reached skill level 3 in Earth Magic
  5335 | Ossuary  | Reached skill level 3 in Poison Magic
  5335 | Ossuary  | Reached skill level 4 in Invocations
  5568 | Ossuary  | Reached XP level 9. HP: 66/69 MP: 11/18
  5575 | Ossuary  | Reached skill level 6 in Fighting
  5575 | Ossuary  | Reached skill level 6 in Axes
  5575 | Ossuary  | Reached skill level 6 in Dodging
  6184 | D:7      | Noticed incide's ghost (novice GnSk)
  6273 | D:7      | Killed incide's ghost
  6273 | D:7      | Reached skill level 4 in Short Blades
  6273 | D:7      | Reached skill level 4 in Long Blades
  6273 | D:7      | Reached skill level 4 in Maces & Flails
  6273 | D:7      | Reached skill level 4 in Polearms
  6273 | D:7      | Reached skill level 4 in Staves
  6273 | D:7      | Reached skill level 4 in Slings
  6273 | D:7      | Reached skill level 4 in Bows
  6273 | D:7      | Reached skill level 4 in Crossbows
  6273 | D:7      | Reached skill level 4 in Throwing
  6273 | D:7      | Reached skill level 4 in Stealth
  6273 | D:7      | Reached skill level 4 in Shields
  6273 | D:7      | Reached skill level 4 in Unarmed Combat
  6273 | D:7      | Reached skill level 4 in Evocations
  6368 | D:7      | Reached skill level 5 in Armour
  7020 | D:8      | Noticed Prince Ribbit
  7041 | D:8      | Killed Prince Ribbit
  7083 | D:8      | Reached skill level 5 in Invocations
  7139 | D:8      | Noticed Pikel
  7200 | D:8      | Killed Pikel
  7200 | D:8      | Reached skill level 7 in Spellcasting
  7200 | D:8      | Reached XP level 10. HP: 28/76 MP: 4/20
  7285 | D:8      | Reached skill level 4 in Conjurations
  7285 | D:8      | Reached skill level 4 in Hexes
  7285 | D:8      | Reached skill level 4 in Summonings
  7285 | D:8      | Reached skill level 4 in Necromancy
  7285 | D:8      | Reached skill level 4 in Translocations
  7285 | D:8      | Reached skill level 4 in Transmutations
  7285 | D:8      | Reached skill level 4 in Fire Magic
  7285 | D:8      | Reached skill level 4 in Ice Magic
  7285 | D:8      | Reached skill level 4 in Air Magic
  7285 | D:8      | Reached skill level 4 in Earth Magic
  7285 | D:8      | Reached skill level 4 in Poison Magic
  7496 | D:8      | Reached skill level 5 in Short Blades
  7496 | D:8      | Reached skill level 5 in Long Blades
  7496 | D:8      | Reached skill level 5 in Maces & Flails
  7496 | D:8      | Reached skill level 5 in Polearms
  7496 | D:8      | Reached skill level 5 in Staves
  7496 | D:8      | Reached skill level 5 in Slings
  7496 | D:8      | Reached skill level 5 in Bows
  7496 | D:8      | Reached skill level 5 in Crossbows
  7496 | D:8      | Reached skill level 5 in Throwing
  7496 | D:8      | Reached skill level 5 in Stealth
  7496 | D:8      | Reached skill level 5 in Shields
  7496 | D:8      | Reached skill level 5 in Unarmed Combat
  7496 | D:8      | Reached skill level 5 in Evocations
  7523 | D:8      | Noticed Erica
  7550 | D:8      | Reached skill level 7 in Charms
  7590 | D:8      | Noticed a two-headed ogre
  7728 | D:8      | Reached skill level 7 in Fighting
  7728 | D:8      | Reached skill level 7 in Axes
  7728 | D:8      | Reached skill level 7 in Dodging
  7881 | D:8      | Killed a two-headed ogre
  7881 | D:8      | Reached skill level 6 in Armour
  7881 | D:8      | Reached skill level 6 in Invocations
  7968 | D:8      | Found a staircase to the Lair.
  8096 | D:8      | HP: 3/79 [shot self (15)]
  8105 | D:8      | Killed Erica
  8105 | D:8      | Reached XP level 11. HP: 35/84 MP: 18/22
  8616 | D:9      | Noticed a two-headed ogre
  8628 | D:9      | Killed a two-headed ogre
  8632 | D:9      | Reached skill level 6 in Short Blades
  8632 | D:9      | Reached skill level 6 in Long Blades
  8632 | D:9      | Reached skill level 6 in Maces & Flails
  8632 | D:9      | Reached skill level 6 in Polearms
  8632 | D:9      | Reached skill level 6 in Staves
  8632 | D:9      | Reached skill level 6 in Slings
  8632 | D:9      | Reached skill level 6 in Bows
  8632 | D:9      | Reached skill level 6 in Crossbows
  8632 | D:9      | Reached skill level 6 in Throwing
  8632 | D:9      | Reached skill level 6 in Stealth
  8632 | D:9      | Reached skill level 6 in Shields
  8632 | D:9      | Reached skill level 6 in Unarmed Combat
  8632 | D:9      | Reached skill level 6 in Evocations
  8904 | D:9      | Reached skill level 5 in Conjurations
  8904 | D:9      | Reached skill level 5 in Hexes
  8904 | D:9      | Reached skill level 5 in Summonings
  8904 | D:9      | Reached skill level 5 in Necromancy
  8904 | D:9      | Reached skill level 5 in Translocations
  8904 | D:9      | Reached skill level 5 in Transmutations
  8904 | D:9      | Reached skill level 5 in Fire Magic
  8904 | D:9      | Reached skill level 5 in Ice Magic
  8904 | D:9      | Reached skill level 5 in Air Magic
  8904 | D:9      | Reached skill level 5 in Earth Magic
  8904 | D:9      | Reached skill level 5 in Poison Magic
  9034 | Temple   | Entered the Ecumenical Temple
  9207 | Temple   | Became a worshipper of Sif Muna the Loreminder
  9345 | Lair:1   | Entered Level 1 of the Lair of Beasts
  9392 | Lair:1   | Reached skill level 8 in Spellcasting
  9628 | Lair:1   | Noticed Kairos's ghost (journeyman VSFi)
  9712 | Lair:1   | Killed Kairos's ghost
  9757 | Lair:1   | HP: 17/86 [spiny frog (6)]
  9757 | Lair:1   | Slain by a spiny frog

Vault maps used:
D:1:      minmay_arrival_stair_chambers
D:2:      serial_bayou_pond_e, uniq_robin
D:3:      tso_oasis_becter
D:4:      first_ration
D:5:      minmay_diamond_boxcup, temple_statues, serial_shops, kennysheep_mini
D:6:      enter_ossuary_5, minmay_misc_feat_x
D:8:      grunt_lair_entry_orc_guard_hut, uniq_pikel, uniq_prince_ribbit1,
          uniq_erica
D:9:      hangedman_fish_farm, corexii_leaking_fountain
Temple:   kilobyte_greek_temple
Lair:1:   grunt_megastairs_3
Ossuary:  minmay_ossuary_two_tombs

Skill      XL: |  1  2  3  4  5  6  7  8  9 10 11 |
---------------+----------------------------------+-----
Spellcasting   | 5 6 7 8 |  8.1
Invocations    | 1 2 3 4 5 6 |  6.9
Short Blades   | 1 2 3 4 5 6 |  6.3
Long Blades    | 1 2 3 4 5 6 |  6.3
Maces & Flails | 1 2 3 4 5 6 |  6.3
Polearms       | 1 2 3 4 5 6 |  6.3
Staves         | 1 2 3 4 5 6 |  6.3
Slings         | 1 2 3 4 5 6 |  6.3
Bows           | 1 2 3 4 5 6 |  6.3
Crossbows      | 1 2 3 4 5 6 |  6.3
Throwing       | 1 2 3 4 5 6 |  6.3
Stealth        | 1 2 3 4 5 6 |  6.3
Shields        | 1 2 3 4 5 6 |  6.3
Unarmed Combat | 1 2 3 4 5 6 |  6.3
Evocations     | 1 2 3 4 5 6 |  6.3
Conjurations   | 1 2 3 4 5 |  5.2
Hexes          | 1 2 3 4 5 |  5.2
Summonings     | 1 2 3 4 5 |  5.2
Necromancy     | 1 2 3 4 5 |  5.2
Translocations | 1 2 3 4 5 |  5.2
Transmutations | 1 2 3 4 5 |  5.2
Fire Magic     | 1 2 3 4 5 |  5.2
Ice Magic      | 1 2 3 4 5 |  5.2
Air Magic      | 1 2 3 4 5 |  5.2
Earth Magic    | 1 2 3 4 5 |  5.2
Poison Magic   | 1 2 3 4 5 |  5.2
Armour         | 3 4 5 6 |  6.9
Fighting       | 5 6 7 |  7.9
Axes           | 5 6 7 |  7.9
Dodging        | 5 6 7 |  7.9
Charms         | 6 7 |  7.6

Action                   |  1- 3 |  4- 6 |  7- 9 | 10-12 || total
-------------------------+-------+-------+-------+-------++-------
Melee: Hand axe          |    75 |   171 |   532 |       ||   778
       Bite              |     4 |    14 |    86 |    53 ||   157
       Punch             |       |     1 |     3 |       ||     4
       War axe           |       |       |    72 |   342 ||   414
 Cast: Infusion          |     2 |     1 |    11 |     9 ||    23
       Shroud of Golubri |     2 |     1 |    11 |     8 ||    22
       Regeneration      |     4 |     4 |    18 |    28 ||    54
       Song of Slaying   |     1 |     3 |     2 |     4 ||    10
       Spectral Weapon   |     1 |     1 |    13 |    18 ||    33
Evoke: Wand              |       |       |       |     6 ||     6
  Use: Potion            |       |     2 |       |     5 ||     7
       Scroll            |       |       |     4 |     2 ||     6
 Stab: Sleeping          |     1 |       |     4 |     3 ||     8
       Distracted        |       |       |     3 |       ||     3
       Paralysed         |       |       |       |     4 ||     4
  Eat: Chunk             |     1 |     6 |    17 |     8 ||    32
       Ration            |       |       |       |     2 ||     2
Armor: Leather armour    |     6 |    43 |   128 |    93 ||   270
Dodge: Dodged            |    53 |   129 |   345 |   274 ||   801
Block: Buckler           |       |       |    98 |   116 ||   214

Table legend:
 A = Spawn XP
 B = Non-spawn XP
 C = Spawn XP percentage of total XP
 D = Spawn monster count
 E = Non-spawn monster count
 F = Spawn count percentage of total count
 G = Total turns spent on level
                    A         B        C        D         E        F      G
               +---------+---------+-------+---------+---------+-------+---------
         Total |       0 |   14506 |   0.0 |       0 |     265 |   0.0 |  9757
               +---------+---------+-------+---------+---------+-------+---------
           D:1 |       0 |      19 |   0.0 |       0 |      13 |   0.0 |   674
           D:2 |       0 |     173 |   0.0 |       0 |      43 |   0.0 |  1048
           D:3 |       0 |     367 |   0.0 |       0 |      26 |   0.0 |  1147
           D:4 |       0 |     560 |   0.0 |       0 |      22 |   0.0 |   872
           D:5 |       0 |     508 |   0.0 |       0 |      19 |   0.0 |  1287
           D:6 |       0 |     637 |   0.0 |       0 |      11 |   0.0 |   780
           D:7 |       0 |    1009 |   0.0 |       0 |      16 |   0.0 |   908
           D:8 |       0 |    5706 |   0.0 |       0 |      51 |   0.0 |  1350
           D:9 |       0 |    2215 |   0.0 |       0 |      19 |   0.0 |   677
        Lair:1 |       0 |    2894 |   0.0 |       0 |       9 |   0.0 |   412
       Ossuary |       0 |     418 |   0.0 |       0 |      36 |   0.0 |   386
               +---------+---------+-------+---------+---------+-------+---------
